 Dungeon Crawl Stone Soup version 0.19-a0-1672-g679cadd (webtiles) character file.

798 kae the Cruncher (level 8, -2/58 HPs)
             Began as a Formicid Fighter on Sept 22, 2016.
             Was a Follower of Uskayaw.
             Slain by Grinder (10 damage)
             ... on level 5 of the Dungeon.
             The game lasted 00:07:02 (3689 turns).

kae the Cruncher (Formicid Fighter)                 Turns: 3689, Time: 00:07:02

Health: -2/58      AC:  8    Str: 24    XL:     8   Next: 13%
Magic:  5/8        EV:  8    Int:  7    God:    Uskayaw [*.....]
Gold:   216        SH:  9    Dex: 10    Spells: 0 memorised, 7 levels left

rFire  . . .     SeeInvis +     a - +1 quarterstaff
rCold  . . .     Gourm    .     b - +0 scale mail
rNeg   . . .     Faith    .     c - +0 shield
rPois  .         Spirit   .     (helmet unavailable)
rElec  .         Dismiss  .     (no cloak)
rCorr  .         Reflect  .     (no gloves)
MR     .....     Harm     +     w - +0 pair of boots (curse)
Stlth  ..........               h - amulet of harm
                                p - ring of wizardry
                                (no ring)

@: no status effects
A: permanent stasis, dig shafts and tunnels, four strong arms, antennae 3
a: Dig, Shaft Self, Stomp, Renounce Religion


You were on level 5 of the Dungeon.
You worshipped Uskayaw.
Uskayaw was noncommittal.
You were not hungry.

You visited 2 branches of the dungeon, and saw 6 of its levels.

You collected 216 gold pieces.

Inventory:

Hand Weapons
 a - a +1 quarterstaff (weapon)
Armour
 b - a +0 scale mail (worn)
 c - a +0 shield (worn)
 w - a cursed +0 pair of boots (worn)
Magical Staves
 C - an uncursed staff of fire
Jewellery
 e - an uncursed ring of ice
 h - an amulet of harm (around neck)
 p - a ring of wizardry (right hand)
Scrolls
 i - a scroll of remove curse
 j - a scroll of recharging
 m - a scroll of magic mapping
 q - 2 scrolls of enchant weapon
Potions
 g - a potion of lignification
 r - a potion of ambrosia
 s - a potion of mutation
 v - 2 potions of cure mutation
 B - a potion of flight {unknown}
Books
 t - Miap's Papyrus of Damage Dealing
   (You found it on level 4 of the Dungeon)

   Spells                             Type                      Level
   a - Magic Dart                     Conjuration                  1
   b - Dazzling Spray                 Conjuration/Hexes            3
   c - Iron Shot                      Conjuration/Earth            6
   d - Bolt of Fire                   Conjuration/Fire             6
Comestibles
 d - a slice of pizza
 f - 6 bread rations
 l - 3 beef jerkies
 n - 6 fruits
 o - a royal jelly
 u - 2 meat rations
 z - a chunk of flesh


   Skills:
 - Level 3.2 Fighting
 + Level 8.8 Staves
 - Level 3.2 Armour
 - Level 3.6 Shields


You had 7 spell levels left.
You didn't know any spells.

Dungeon Overview and Level Annotations

Branches:
Dungeon (5/15)             Temple (1/1) D:4

Altars:
Ashenzari
Cheibriados
Dithmenos
Elyvilon
Fedhas
Gozag
Kikubaaqudgha
Makhleb
Nemelex Xobeh
Okawaru
Qazlal
Ru
Sif Muna
Trog
Uskayaw
Vehumet
Xom
Yredelemnul
Zin
The Shining One

Annotations:
D:5 Grinder


Innate Abilities, Weirdness & Mutations

You are under a permanent stasis effect.
You can dig through walls and to a lower floor.
Your four strong arms can wield two-handed weapons with a shield.
You have a pair of large antennae on your head. (SInv)


Message History

Grinder gestures at you. Pain shoots through your body!
* * * LOW HITPOINT WARNING * * *
You stomp with the beat, sending a shockwave through the revelers around you!
Grinder is moderately wounded.
You feel somewhat more hungry.
You can no longer stomp with the beat.
You block Grinder's attack.
You can now stomp with the beat.
Unknown command.
You hit Grinder.
Grinder is heavily wounded.
Grinder hits you.
* * * LOW HITPOINT WARNING * * *
You writhe in agony.
* * * LOW HITPOINT WARNING * * *
You thump Grinder!
Grinder is severely wounded.
Grinder hits you!
You die...

##### { #... ...#
# #..#.#{ #... {
#.#
########.####.#
#.# #.#
.......5......#
#.# #.#
########@######
#.# ...{ #.# #.#
#.# #.# #.# #.#
#.# #.# #.# #.#
#.####.##
#.########........
#...............##
#############...#
#.#.#


You could see Grinder.

Vanquished Creatures
  The ghost of JustSomeDude the Poker, a novice DsFi (D:3)
  A phantom (D:4)
  A scorpion (D:5)
  A howler monkey (D:4)
  An orc priest (D:3)
  A hound (D:4)
  2 worker ants
  3 gnolls
  11 adders
  An adder skeleton (D:4)
  A worm (D:2)
  5 dart slugs
  A leopard gecko (D:4)
  10 orcs
  6 ball pythons
  10 bats
  A giant cockroach (D:1)
  8 goblins
  3 hobgoblins
  2 jackals (D:1)
  4 kobolds
  5 frilled lizards
  A quokka skeleton (D:4)
  8 rats
88 creatures vanquished.

Notes
Turn   | Place    | Note
-------+----------+-------------------------------------------
     0 | D:1      | kae the Formicid Fighter began the quest for the Orb.
     0 | D:1      | Reached XP level 1. HP: 18/18 MP: 1/1
   118 | D:1      | Reached XP level 2. HP: 24/24 MP: 2/2
   122 | D:1      | Reached skill level 3 in Staves
   271 | D:1      | Reached XP level 3. HP: 29/29 MP: 3/3
   580 | D:1      | Reached skill level 4 in Staves
   580 | D:1      | Reached XP level 4. HP: 7/35 MP: 4/4
  1840 | D:3      | Noticed JustSomeDude's ghost (novice DsFi)
  1881 | D:3      | Killed JustSomeDude's ghost
  1881 | D:3      | Reached skill level 6 in Staves
  1881 | D:3      | Reached XP level 5. HP: 16/41 MP: 5/5
  1881 | D:3      | Reached XP level 6. HP: 18/47 MP: 6/6
  1881 | D:3      | Reached XP level 7. HP: 20/52 MP: 7/7
  2202 | D:3      | Reached skill level 7 in Staves
  2704 | D:4      | Found a staircase to the Ecumenical Temple.
  2724 | Temple   | Entered the Ecumenical Temple
  2884 | Temple   | Became a worshipper of Uskayaw the Reveler
  2905 | D:4      | Identified Miap's Papyrus of Damage Dealing
  2934 | D:4      | Reached * piety under Uskayaw
  2940 | D:4      | Reached ** piety under Uskayaw
  2976 | D:4      | Reached skill level 8 in Staves
  3418 | D:4      | Reached XP level 8. HP: 58/58 MP: 8/8
  3621 | D:5      | Entered Level 5 of the Dungeon
  3668 | D:5      | Noticed Grinder
  3689 | D:5      | Slain by Grinder

Vault maps used:
D:1:      minmay_arrival_four_circles, st_stairs_13, minmay_misc_feat_five
D:3:      first_bread, hangedman_decor_riveting
D:4:      minmay_snake_closets
D:5:      lemuel_blue_sif_altar, uniq_grinder
Temple:   regret_index_temple_chain_breaker

Skill      XL: |  1  2  3  4  5  6  7 |
---------------+----------------------+-----
Staves         | 3 4 6 8 |  8.8
Fighting       | |  3.2
Armour         | |  3.2
Shields        | |  3.6

Action                   |  1- 3 |  4- 6 |  7- 9 || total
-------------------------+-------+-------+-------++-------
Melee: Quarterstaff      |    78 |    65 |   147 ||   290
Invok: Stomp             |       |       |     2 ||     2
  Use: Potion            |     1 |     1 |     1 ||     3
       Scroll            |       |    10 |     6 ||    16
  Eat: Chunk             |       |     2 |     7 ||     9
Armor: Scale mail        |    28 |    12 |    46 ||    86
       Skin              |       |    13 |       ||    13
Dodge: Dodged            |    30 |     8 |    33 ||    71
Block: Shield            |    40 |    23 |    56 ||   119
